 Dungeon Crawl Stone Soup version 0.14.0-17-gc0b17a5 (webtiles) character file.

127 staplegun the Practitioner (level 3, -4/30 HPs)
             Began as a Deep Dwarf Healer on Apr 18, 2014.
             Was a Believer of Elyvilon.
             Killed from afar by an orc wizard (6 damage)
             ... with a magic dart
             ... on Level 3 of the Dungeon.
             The game lasted 00:05:18 (1716 turns).

staplegun the Practitioner (Deep Dwarf Healer)      Turns: 1716, Time: 00:05:19

HP  -4/30        AC  8     Str 16      XL: 3   Next: 23%
MP   1/6         EV  6     Int 12      God: Elyvilon [**....]
Gold 90          SH  0     Dex 12      Spells:  0 memorised,  2 levels left

rFire  . . .     SeeInvis .     (no weapon)
rCold  . . .     Clarity  .     s - +0 chain mail
rNeg   . . .     Conserve .     (no shield)
rPois  .         rCorr    .     (no helmet)
rElec  .         rRot     .     (no cloak)
SustAb . .       Spirit   .     (no gloves)
rMut   .         Warding  .     (no boots)
Saprov . . .     Stasis   .     (no amulet)
MR     .....                    (no ring)
                                (no ring)

@: non-regenerating, slowed, very slow, not resistant to hostile enchantments,
extremely unstealthy
A: damage resistance, recharge devices, sense surroundings 1, slow healing 3
a: Device Recharging, Lesser Healing, Lesser Self-Healing, Divine Protection,
Purification, Renounce Religion


You were on level 3 of the Dungeon.
You worshipped Elyvilon.
Elyvilon was pleased with you.
You were near starving.

You visited 1 branch of the dungeon, and saw 3 of its levels.

You collected 90 gold pieces.

Inventory:

Armour
 a - a +1 robe
 s - a +0 chain mail (worn)
Magical devices
 d - a wand of heal wounds (4)
Comestibles
 f - a bread ration
 g - 3 meat rations
Scrolls
 h - a scroll of blinking {unknown}
 i - 3 scrolls of identify {unknown}
 l - 2 scrolls of noise {unknown}
 m - 2 scrolls of random uselessness {unknown}
 p - a scroll of remove curse {unknown}
 q - a scroll of teleportation {unknown}
Jewellery
 e - an uncursed amulet of conservation {unknown}
 r - an uncursed ring of protection from magic {unknown}
Potions
 b - 5 potions of curing
 c - a potion of heal wounds
 j - 2 potions of restore abilities {unknown}
 k - a potion of invisibility {unknown}
 n - a potion of lignification {unknown}


   Skills:
 - Level 0.8 Fighting
 - Level 0.4 Armour
 - Level 3.0 Dodging
 - Level 0.5 Unarmed Combat
 + Level 4.5 Invocations


You had 2 spell levels left.
You didn't know any spells.

Dungeon Overview and Level Annotations

Branches:
Dungeon (3/15)

Altars:


Innate Abilities, Weirdness & Mutations

You are resistant to damage.
You can recharge devices by infusing magical energy.
You passively map a small area around you.
You do not heal naturally.


Message History

Heal: an orc wizard, wielding a dagger and wearing a robe (heavily wounded, moving very quickly)
The light of Elyvilon fails to reach the orc wizard.
You feel somewhat more hungry.
The orc wizard gestures at you while chanting.
The magic dart hits you!
You closely miss the orc wizard.
The orc wizard is heavily wounded.
The orc wizard hits you but does no damage.
The orc wizard hits you with a dagger.
* * * LOW HITPOINT WARNING * * *
The orc wizard gestures at you while chanting.
The magic dart hits you!
* * * LOW HITPOINT WARNING * * *
You miss the orc wizard.
The orc wizard is heavily wounded.
The orc wizard hits you but does no damage.
The orc wizard hits you with a dagger.
The orc wizard gestures at you while chanting.
The magic dart hits you!
You die...

#..#..# ##.. * ##...##
#..# , ##.## #...
#.######.##### #.#.
#............# ###.#.
######.#.###.# #...(.
#...#...##.######(.>..
#.......##......(.....
**###....@..##.######.....
, ........o.....# #.....
*####.......##.# ###.##
#.......##(# #.#
#.......##(## #.. ,
###...###.(.##########
#(.(......#........#
#.#...###...######.#
#.##...###.## #.#


You could see an orc wizard.

Vanquished Creatures
  6 goblins
  A hobgoblin (D:1)
  2 kobolds
  A ball python (D:3)
  6 bats
  5 giant newts
  5 rats
26 creatures vanquished.

Vanquished Creatures (others)
  A goblin (D:3)
  A giant newt (D:2)
  A kobold (D:1)
3 creatures vanquished.

Grand Total: 29 creatures vanquished

Notes
Turn   | Place    | Note
--------------------------------------------------------------
     0 | D:1      | staplegun, the Deep Dwarf Healer, began the quest for the Orb.
     0 | D:1      | Reached XP level 1. HP: 16/16 MP: 2/2
   140 | D:1      | Reached skill level 4 in Invocations
   320 | D:1      | Reached XP level 2. HP: 21/24 MP: 4/4
  1193 | D:3      | Reached XP level 3. HP: 25/30 MP: 0/6
  1716 | D:3      | Killed from afar by an orc wizard

Action                   || total
-------------------------++-------
Melee: Unarmed           ||   228
Invok: Lesser Healing    ||    54
       Lesser Self-Heali ||     3
Evoke: Wand              ||     1
